 Dungeon Crawl Stone Soup version 0.29.0-4-gdea44cf6ec (webtiles) character file.

Game seed: 15508410090875616222

76 qw the Chopper (level 4, -4/28 HPs)
             Began as a Gargoyle Fighter on Sept 10, 2022.
             Killed from afar by Natasha (10 damage)
             ... with a puff of flame
             ... on level 2 of the Dungeon.
             The game lasted 00:00:34 (1348 turns).

qw the Chopper (Gargoyle Fighter)                   Turns: 1348, Time: 00:00:34

Health: -4/28      AC: 12    Str: 21    XL:     4   Next: 32%
Magic:  4/4        EV:  7    Int:  9    God:
Gold:   51         SH:  4    Dex:  9    Spells: 3/3 levels left

rFire   . . .      SeeInvis .   Y - +0 war axe
rCold   . . .      Faith    .   c - +0 buckler
rNeg    + . .      Spirit   .   g - +0 chain mail
rPois   inf        Reflect  .   (no helmet)
rElec   +          Harm     .   (no cloak)
rCorr   .          Rampage  .   (no gloves)
Will    .....                   (no boots)
Stlth   ..........              (no amulet)
HPRegen 0.09/turn               (no ring)
MPRegen 0.09/turn               (no ring)

@: about to teleport, slowed, very slow
A: sickness immunity, AC +3, negative energy resistance 1, electricity
resistance, torment resistance 1, petrification resistance
a: no special abilities


You were on level 2 of the Dungeon.
You visited 1 branch of the dungeon, and saw 2 of its levels.

You collected 51 gold pieces.


Innate Abilities, Weirdness & Mutations

You are immune to sickness and miasma.
Your stone body is resilient. (AC +3)
You are immune to poison.
You resist negative energy. (rN+)
You are resistant to electric shocks. (rElec)
You are resistant to unholy torment.
You are immune to petrification.


   Skills:
 - Level 3.2 Fighting
 + Level 4.0 Axes
 - Level 3.2 Armour
 - Level 3.2 Shields


You had 3 spell levels left.
You didn't know any spells.
Your spell library was empty.

Inventory:

Hand Weapons
 i - a +0 whip
 Y - a +0 war axe (weapon)
Armour
 c - a +0 buckler (worn)
 g - a +0 chain mail (worn)
Scrolls
 a - 7 scrolls of identify {unknown}
 e - a scroll of noise {unknown}
Potions
 b - a potion of resistance {unknown}
 d - 2 potions of might
 j - a potion of flight {unknown}
 k - a potion of attraction {unknown}

Dungeon Overview and Level Annotations

Branches:
Dungeon (2/15)

Altars:

Annotations:
D:2 Natasha


Message History

You block Natasha's attack.
Natasha mumbles some strange words.
You feel disoriented. Natasha casts a spell at you. The magic dart hits you.
You closely miss Natasha.
Natasha zaps a wand.
The puff of flame hits you but does no damage.
Natasha claws you but does no damage.
You hit Natasha.
Natasha is moderately wounded.
Natasha casts a spell at you.
You feel as though you will be slow longer.
You block Natasha's attack.
You miss Natasha.
Natasha is moderately wounded.
Natasha casts a spell.
Natasha claws you.
You hit Natasha.
Natasha is moderately wounded.
You closely miss the white imp. Natasha claws you.
The white imp hits you but does no damage.
Natasha claws you but does no damage. The white imp hits you.
The white imp freezes you.
You slash Natasha!
Natasha is almost dead.
You hit the white imp.
Natasha mumbles some strange words.
The white imp hits you but does no damage.
Natasha zaps a wand.
The puff of flame hits you.
The white imp hits you but does no damage.
1348 ||| READING scroll of teleportation.
As you read the scroll of teleportation, it crumbles to dust.
You feel strangely unstable. Natasha claws you but does no damage.
The white imp gestures at you. The puff of frost misses you.
The puff of frost hits the shadow imp.
The shadow imp resists.
Natasha zaps a wand.
The puff of flame hits you!
You die...

### #.......# #
#.......# # #.......# #
#.......# # #.......# #
#.......# # #.....h.# #
#....5@5######### #
#.....$.........# #
#...............# #
...#####.........#######
.. +.........'...... .
#.........#######
#.........# #
#.........# #
########### #


You could see Natasha, a white imp (summoned) and a shadow imp (summoned).

Vanquished Creatures
  Natasha (D:2)
  4 dart slugs
  4 ball pythons
  3 endoplasms
  A giant cockroach (D:1)
  3 goblins
  2 hobgoblins (D:1)
  6 kobolds
  3 quokkas
  6 bats
  3 frilled lizards
  4 rats
40 creatures vanquished.

Notes
Turn   | Place    | Note
-------+----------+-------------------------------------------
     0 | D:1      | qw the Gargoyle Fighter began the quest for the Orb.
     0 | D:1      | Reached XP level 1. HP: 14/14 MP: 1/1
     0 | D:1      | 0 ||| qw: Version: 0.1-a-116-g5d60599
     0 | D:1      | 0 ||| qw: Game counter: 7588
     0 | D:1      | 0 ||| qw: Always use a shield: true
     0 | D:1      | 0 ||| qw: God list: Okawaru
     0 | D:1      | 0 ||| qw: Allow faded altars: false
     0 | D:1      | 0 ||| qw: Do Orc after D:15 true
     0 | D:1      | 0 ||| qw: Do second Lair branch before Depths: true
     0 | D:1      | 0 ||| qw: Lair rune preference: random
     0 | D:1      | 0 ||| qw: Plans: Normal, Zot, God:TSO, Crypt, Tomb, Zig,
                  | Orb
     0 | D:1      | 0 ||| PLANNING D:1-11
    49 | D:1      | Reached skill level 2 in Axes
    74 | D:1      | Found a faded altar of an unknown god.
    84 | D:1      | 84 ||| Stepping ~*~*~tactically~*~*~ (stealth).
    93 | D:1      | Reached XP level 2. HP: 19/19 MP: 2/2
   157 | D:1      | 157 ||| DROPPING +0 club.
   479 | D:1      | 479 ||| Stepping ~*~*~tactically~*~*~ (stealth).
   492 | D:1      | Reached skill level 3 in Axes
   500 | D:1      | Reached XP level 3. HP: 23/23 MP: 3/3
   603 | D:1      | 603 ||| UPGRADING to +0 chain mail.
   613 | D:1      | 613 ||| DROPPING +0 scale mail.
   614 | D:1      | 614 ||| READING scroll labelled WUITA CAEZ.
   615 | D:1      | 615 ||| READING 2 scrolls labelled UNKEG RURROI.
   619 | D:1      | 619 ||| READING scroll labelled EKEZOM RAOBEA.
   675 | D:2      | 675 ||| Stepping ~*~*~tactically~*~*~ (hiding).
   877 | D:2      | Noticed Natasha
   878 | D:2      | 878 ||| Stepping ~*~*~tactically~*~*~ (hiding).
   886 | D:2      | Killed Natasha
   887 | D:2      | Reached XP level 4. HP: 26/28 MP: 4/4
   959 | D:2      | Reached skill level 4 in Axes
  1227 | D:2      | 1227 ||| FLEEEEING.
  1228 | D:2      | 1228 ||| FLEEEEING.
  1229 | D:2      | 1229 ||| FLEEEEING.
  1230 | D:2      | 1230 ||| FLEEEEING.
  1244 | D:2      | 1244 ||| FLEEEEING.
  1338 | D:2      | Noticed Natasha
  1347 | D:2      | HP: 5/28 [Natasha/puff of flame (3)]
  1348 | D:2      | 1348 ||| READING scroll of teleportation.
  1348 | D:2      | Killed from afar by Natasha

Levels and vault maps discovered:
D:1:      lightli_iron_boxes, layout_rooms, hellmonk_ecumenical_altar_blasted,
          chequers_decorated_corner
D:2:      layout_basic, minmay_ruptured, uniq_natasha

Skill      XL: |  1  2  3  4 |
---------------+-------------+-----
Axes           | 2 3 4 |  4.0
Fighting       | |  3.2
Armour         | |  3.2
Shields        | |  3.2

Action                   |  1- 3 |  4- 6 || total
-------------------------+-------+-------++-------
Melee: War axe           |    78 |    21 ||    99
  Use: Scroll            |     3 |     1 ||     4
Armor: Scale mail        |    31 |       ||    31
       Chain mail        |    23 |    19 ||    42
Dodge: Dodged            |    37 |     4 ||    41
Block: Buckler           |    18 |     3 ||    21

Table legend:
 A = Non-vault XP
 B = Vault XP
 C = Vault XP percentage of total XP
 D = Non-vault monster count
 E = Vault monster count
 F = Vault count percentage of total count
                 A         B        C        D         E       F
            +---------+---------+-------+---------+---------+-------
      Total |      66 |      43 |  39.4 |      35 |       5 |  12.5
            +---------+---------+-------+---------+---------+-------
        D:1 |      36 |       0 |   0.0 |      21 |       0 |   0.0
        D:2 |      30 |      43 |  58.9 |      14 |       5 |  26.3
            +---------+---------+-------+---------+---------+-------
